 Dungeon Sprint DCSS version 0.21.0-24-g2553a33 (webtiles) character file.

139 letownia2 the Ruffian (level 5, -3/73 HPs)
             Began as a Troll Wizard on Jan 20, 2018.
             Was an Initiate of Gozag.
             Slain by a killer bee (7 damage)
             ... in the Dungeon (Sprint IV: "Fedhas' Mad Dash").
             The game lasted 00:01:31 (171 turns).

letownia2 the Ruffian (Troll Wizard)                 Turns: 171, Time: 00:01:32

Health: -3/73      AC:  5    Str: 20    XL:     5   Next: 1%
Magic:  0/8        EV:  9    Int: 15    God:    Gozag
Gold:   151        SH:  0    Dex:  8    Spells: 0/9 levels left

rFire    . . .     SeeInvis .     - Unarmed
rCold    . . .     Gourm    +   (no shield)
rNeg     . . .     Faith    .   a - +0 robe
rPois    .         Spirit   .   b - +0 hat
rElec    .         Reflect  .   (no cloak)
rCorr    .         Harm     .   (gloves unavailable)
MR       .....     NoTele   +   (boots unavailable)
Stlth    ..........             k - amulet of invisibility {+Inv}
HPRegen  0.62/turn              (no ring)
MPRegen  0.11/turn              (no ring)

@: berserking, lethally poisoned (-3 -> -14), contaminated, glowing, invisible
(but backlit and visible), very quick
A: large, unfitting armour, claws 3, fast metabolism 3, gourmand, regeneration
1, shaggy fur 1, tough skin 2
a: Potion Petition, Call Merchant, Bribe Branch, Renounce Religion


You were in the Dungeon.
You worshipped Gozag.
Gozag was aware of your devotion.
You were not hungry.

You visited 1 branch You collected 151 gold pieces.

Inventory:

Armour
 a - a +0 robe (worn)
 b - a +0 hat (worn)
Jewellery
 k - the amulet of invisibility (around neck) {+Inv}
   (You found it in the Dungeon)

   [amulet of nothing]

   It lets you turn invisible.
Scrolls
 j - a scroll of blinking
Potions
 e - a potion of curing
 f - a potion of heal wounds
 g - a potion of haste
 h - 2 potions of magic
 l - a potion of cancellation {unknown}
Books
 c - a book of Minor Magic

   Spells                             Type                      Level
   a - Magic Dart                     Conjuration                  1
   b - Blink                          Translocation                2
   c - Call Imp                       Summoning                    2
   d - Slow                           Hexes                        2
   e - Conjure Flame                  Conjuration/Fire             3
   f - Mephitic Cloud                 Conjuration/Poison/Air       3
Comestibles
 d - 2 rations


   Skills:
 - Level 1.6 Fighting
 + Level 1.5 Dodging
 - Level 1.0 Stealth
 + Level 5.9 Unarmed Combat
 + Level 2.9 Spellcasting
 + Level 2.4 Conjurations
   Level 0.6 Summonings
 + Level 0.6 Translocations
 + Level 2.2 Fire Magic
 + Level 2.0 Air Magic
 + Level 2.2 Poison Magic


You couldn't memorise any spells.
You knew the following spells:

 Your Spells              Type           Power        Failure   Level  Hunger
a - Magic Dart            Conj           #...         8%          1    #......
b - Blink                 Tloc           N/A          24%         2    ##.....
c - Conjure Flame         Conj/Fire      #.......     24%         3    ###....
e - Mephitic Cloud        Conj/Pois/Air  #.......     24%         3    ###....


Dungeon Overview and Level Annotations

Branches:
Dungeon (1/1)

Altars:
Cheibriados
Dithmenos
Elyvilon
Gozag
Hepliaklqana
Kikubaaqudgha
Makhleb
Nemelex Xobeh
Okawaru
Qazlal
Ru
Sif Muna
Trog
Uskayaw
Vehumet
Wu Jian
Xom
Yredelemnul
Zin
The Shining One
Beogh
Jiyva
Lugonu


Innate Abilities, Weirdness & Mutations

You are too large for most types of armour.
You have claws for hands.
Your metabolism is lightning-fast.
You like to eat raw meat.
Your natural rate of healing is unusually fast.
You are covered in fur. (AC +1)
You have very tough skin. (AC +2)


Message History

Unknown command.
Unknown command.
You claw the killer bee!
The killer bee is almost dead.
You feel sick. The killer bee stings you!
* * * LOW HITPOINT WARNING * * *
The killer bee stings you.
* * * LOW HITPOINT WARNING * * *
The killer bee barely misses you.
Unknown command.
You closely miss the killer bee.
The killer bee is almost dead.
You feel sick. The killer bee barely misses you. The killer bee stings you.
* * * LOW HITPOINT WARNING * * *
The killer bee stings you!
* * * LOW HITPOINT WARNING * * *
You are more poisoned.
The killer bee poisons you! The killer bee stings you!
You die...
Your body crumbles into a pile of gold.

#########################
#<..P#.....#.....#.⌠._._.
#PP..'†)...'.#)..'.._._._
#PPPP#.....#.#...#..._._.
###############'##.._._._
♣.yy@....'...#._._._.
%....y♣yy...#...########
.....♣..♣..###### #+##
#+#####


$$$$ $ You could see a queen bee and 4 killer bees.

Vanquished Creatures
  3 oklob saplings (D)
  A worker ant (D)
  A river rat (D)
  A rat (D)
6 creatures vanquished.

Notes
Turn   | Place    | Note
-------+----------+-------------------------------------------
     0 | D        | letownia2 the Troll Wizard began the quest for the Orb.
     0 | D        | Reached XP level 1. HP: 16/16 MP: 2/2
     8 | D        | Reached skill level 1 in Unarmed Combat
    12 | D        | Reached skill level 1 in Fighting
    12 | D        | Reached skill level 3 in Unarmed Combat
    12 | D        | Reached XP level 2. HP: 16/28 MP: 4/4
    40 | D        | Noticed an oklob sapling
    42 | D        | Killed an oklob sapling
    42 | D        | Reached skill level 5 in Unarmed Combat
    42 | D        | Reached XP level 3. HP: 35/35 MP: 5/5
    47 | D        | Learned a level 3 spell: Mephitic Cloud
    51 | D        | Learned a level 3 spell: Conjure Flame
    53 | D        | Found the amulet of invisibility {+Inv}
    72 | D        | Found an opulent altar of Gozag.
    72 | D        | Found a hazy altar of Hepliaklqana.
    72 | D        | Found a burning altar of Makhleb.
    72 | D        | Found a roughly hewn altar of Beogh.
    72 | D        | Found a sparkling altar of Nemelex Xobeh.
    72 | D        | Found a snail-covered altar of Cheibriados.
    72 | D        | Found a sacrificial altar of Ru.
    72 | D        | Found a deep blue altar of Sif Muna.
    72 | D        | Found a shimmering altar of Xom.
    72 | D        | Found a basalt altar of Yredelemnul.
    73 | D        | Found a viscous altar of Jiyva.
    73 | D        | Found a bloodstained altar of Trog.
    73 | D        | Found an ornate altar of the Wu Jian Council.
    73 | D        | Noticed an oklob sapling priest
   121 | D        | Found an iron altar of Okawaru.
   121 | D        | Found a shadowy altar of Dithmenos.
   121 | D        | Found a glowing silver altar of Zin.
   122 | D        | Found an ancient bone altar of Kikubaaqudgha.
   122 | D        | Found a hide-covered altar of Uskayaw.
   123 | D        | Found a stormy altar of Qazlal.
   123 | D        | Found a white marble altar of Elyvilon.
   123 | D        | Found a glowing golden altar of the Shining One.
   124 | D        | Became a worshipper of Gozag Ym Sagoz the Greedy
   125 | D        | Found a radiant altar of Vehumet.
   125 | D        | Found a corrupted altar of Lugonu.
   131 | D        | Killed an oklob sapling priest
   131 | D        | Reached skill level 1 in Fire Magic
   131 | D        | Reached skill level 1 in Air Magic
   131 | D        | Reached skill level 1 in Poison Magic
   131 | D        | Reached XP level 4. HP: 42/42 MP: 5/7
   147 | D        | Reached XP level 5. HP: 49/49 MP: 6/8
   158 | D        | Learned a level 2 spell: Blink
   163 | D        | Noticed a queen bee
   171 | D        | Slain by a killer bee

Skill      XL: |  1  2  3  4 |
---------------+-------------+-----
Unarmed Combat | 3 5 |  5.9
Fighting       | 1 |  1.6
Conjurations   | 2 |  2.4
Fire Magic     | 1 2 |  2.2
Air Magic      | 1 2 |  2.0
Poison Magic   | 1 2 |  2.2
Dodging        | |  1.5
Stealth        | |  1.0
Spellcasting   | |  2.9
Summonings     | |  0.6
Translocations | |  0.6

Action                   |  1- 3 |  4- 6 || total
-------------------------+-------+-------++-------
Melee: Unarmed           |    11 |     4 ||    15
 Abil: Evoke Invisibilit |     1 |     1 ||     2
  Use: Potion            |       |     1 ||     1
 Stab: Invisible         |     1 |       ||     1
       Sleeping          |     1 |       ||     1
Armor: Robe              |     1 |     1 ||     2
Dodge: Dodged            |     1 |     5 ||     6
